AoeStats
← yaniversary

Arena

510564930Analyzed
1v1 RM · 2d ago on Oct 1, 2026· 41m 40s· 2 players
Game mode
Random Map
Map size
Tiny (2 player)
Population
200
Speed
Normal
Resources
Standard
Victory
Conquest
Starting age
Dark Age
Ending age
Imperial Age
RankedLock teamsTeams togetherTeam positionsShared explorationLock speedFull tech treeHidden civsTurbo modeCheats
Victory
Defeat
🇹🇼 Hindustanis · Taiwan
2046
+11
🇩🇪 Malay · Germany
1944
-11
yaniversary
8:28 Feudal Age
8:02 Double-Bit Axe
8:37 Horse Collar
16:21 Castle Age
15:35 Light Cavalry
22:20 Wheelbarrow
22:58 Bow Saw
24:40 Hand Cart
26:00 Fletching
29:06 Imperial Age
27:03 Bodkin Arrow
26:38 Crossbowman
28:15 Ballistics
27:53 Loom
28:42 Bracer
28:59 Heavy Plow
29:47 Thumb Ring
31:32 Chemistry
30:46 Padded Archer Armor
32:18 Leather Archer Armor
32:26 Town Watch
32:22 Arbalester
34:51 Scale Barding Armor
35:31 Husbandry
36:01 Conscription
35:49 Elite Battle Elephant
37:02 Forging
[LuB]myqbox
10:34 Feudal Age
14:26 Castle Age
12:16 Horse Collar
12:56 Double-Bit Axe
17:40 Husbandry
22:07 Light Cavalry
24:30 Wheelbarrow
25:57 Hand Cart
25:56 Gold Mining
25:57 Stone Mining
25:54 Loom
26:51 Forging
26:48 Devotion
30:24 Imperial Age
28:04 Fletching
28:05 Town Watch
28:57 Gold Shaft Mining
29:03 Ballistics
29:23 Bodkin Arrow
29:44 Bow Saw
29:52 Bloodlines
29:57 Scale Barding Armor
29:38 Elite Skirmisher
30:39 Padded Archer Armor
31:20 Stone Shaft Mining
31:06 Bracer
32:14 Chemistry
32:04 Leather Archer Armor
33:37 Ring Archer Armor
33:19 Grand Trunk Road
34:26 Conscription
35:55 Scale Mail Armor
36:31 Iron Casting
36:37 Thumb Ring
37:46 Heavy Cavalry Archer
38:48 Chain Barding Armor
38:37 Heavy Camel Rider
38:53 Crossbowman
41:33 Plate Barding Armor
Connection lost

Rejoining the realm…

Still unreachable

The connection could not be restored.

Session expired

The server has moved on; the page needs a fresh start.